woodfighter, lawful female dwarven Priestess ---------- |........+ |........| |........| o o Y@......... |....<...| ------.--- woodfighter the Adept Experience level: 6 Strength: 14 Dexterity: 12 Constitution: 14 Intelligence: 17 Wisdom: 10 Charisma: 10 Health: 0(47) Energy: 31(31) Def: 6 Gold: 296 Moves: 4115 Dungeon seed: RTTJ99MvOnVIj0kj Game ID: woodfighter_1547928727 Your Inventory: Coins $ - 296 gold pieces Amulets m - a blessed amulet of magical breathing (being worn) Weapons a - a blessed +1 mace (weapon in hand) Armor e - a +0 robe (being worn) n - a +0 small shield (being worn) q - a +1 pair of elven boots (being worn) r - a +0 orcish helm (being worn) Comestibles d - 2 sprigs of wolfsbane K - a tripe ration R - a fortune cookie Scrolls k - 3 scrolls of scare monster p - a scroll of light w - 4 scrolls of identify D - a blessed scroll of enchant weapon Spellbooks g - a spellbook of detect monsters h - a spellbook of light i - a blessed spellbook of healing S - a spellbook of detect food Potions b - 4 potions of holy water T - a potion of levitation U - a cursed potion of hallucination Wands f - a wand of cancellation (0:1) t - a wand of secret door detection (0:13) Q - a wand of digging (0:7) V - a wand of light (0:12) Tools J - a skeleton key Spells and supernatural/magical abilities: Name Level Category Fail Memory h - healing 1 healing 0% 80% l - light 1 divination 0% 80% n - detect monsters 1 divination 0% 80% W - pray for help -- divine ? -- X - turn undead -- divine ? -- Your skills at the end: Miscellaneous Skills shield [Basic] wands [Basic] Weapon Skills pick-axe [Basic] mace [Basic] Spellcasting Skills clerical spells [Basic] Final Attributes: You were fervently aligned. Your writing hand was ok. You had infravision. You were stealthy. You could survive without air. You were lucky. You are dead. Vanquished creatures: a small mimic a giant beetle a shrieker an iguana a rothe a centipede 2 jitterbugs a giant bat 4 killer bees a coyote 3 geckos 4 giant rats a cave spider a yellow mold a manes 7 jackals a fox 2 kobolds 6 newts 2 goblins 2 grid bugs a bat 4 lichens a kobold zombie 50 creatures vanquished. Voluntary challenges: You did not cause conflict. You were not invisible. You did not have reflection. You were not displaced. You used a wielded weapon 79 times, starting on turn 153. You did not apply a unicorn horn. You did not use plumbed fixtures. You did not drink any magical draughts. You were illiterate. You never genocided any monsters. You never polymorphed an object. You never changed form. You used no wishes. You never split a pudding. You never wrote Elbereth's name. You never violated your personal moral code. Dungeon overview: The Dungeons of Doom: levels 1 to 8 Level 1 (vault) some fountains a long staircase Level 2 a general store Level 3 stairs to The Gnomish Mines Level 4 a scroll shop, a fountain Level 5 (water + eye + vault) a general store, a sink Level 6 (throne) some fountains, a throne Level 7 Level 8 <- You were here The Gnomish Mines: Level 4 stairs to The Dungeons of Doom History has recorded: On T:1 you entered the Dungeons of Doom to retrieve the Amulet of Yendor! On T:109 you reached level 2 of The Dungeons of Doom. On T:497 you advanced to experience level 2. On T:507 you reached level 3 of The Dungeons of Doom. On T:1079 you reached level 4 of The Dungeons of Doom. On T:1122 you advanced to experience level 3. On T:1233 you reached level 1 of The Gnomish Mines. On T:1415 you prayed to Tyr. On T:1562 you reached level 5 of The Dungeons of Doom. On T:2100 you advanced to experience level 4. On T:2509 you prayed to Tyr. On T:2660 you reached level 6 of The Dungeons of Doom. On T:2776 you advanced to experience level 5. On T:3292 you reached level 7 of The Dungeons of Doom. On T:3687 you advanced to experience level 6. On T:4006 you reached level 8 of The Dungeons of Doom. Score breakdown: Gold: 296 ( 29 points) Experience: 6 levels ( 500 points) Exploration: 8 levels ( 210 points) Discoveries: 19 items ( 950 points) Variety of kills: 24 monsters ( 1200 points) Major goal: (nothing yet) ( 0 points) Survival: died (score multiplied by 3) Total score: 8667 Latest messages: This iron wand is a wand of digging! You wipe out the message that was written in the dust here. You engrave in the floor with a wand of digging. The wand of digging glows, then fades. You write in the dust with your fingers. A lit field surrounds you! Never mind. You stop exploring. (2x) The yeti claws you! (2x) The yeti bites! You hit the yeti! The yeti claws you! (2x) The yeti bites! The yeti claws you! (2x) The yeti bites! You hit the yeti! The yeti claws you! (2x) The yeti bites! The Uruk-hai wields a crude bow! You hit the yeti. The yeti claws you! (2x) You die... Final status: Goodbye woodfighter the Priestess, killed by a yeti... You died in The Dungeons of Doom on dungeon level 8 with 8667 points, and 296 pieces of gold, after 4115 moves. You were level 6 with a maximum of 47 hit points when you died.